 Dungeon Crawl Stone Soup version 0.15.0-29-ga8e3430 (webtiles) character file.

30 Psiweapon the Ruffian (level 3, -3/20 HPs)
             Began as a Gargoyle Transmuter on Sept 11, 2014.
             Slain by an orc warrior
             ... wielding a +0 war axe
              (6 damage)
             ... on Level 2 of the Dungeon.
             The game lasted 00:03:54 (972 turns).

Psiweapon the Ruffian (Gargoyle Transmuter)          Turns: 972, Time: 00:03:54

HP  -3/20        AC  5     Str 13      XL: 3   Next: 20%
MP   6/6         EV 12     Int 13      God:
Gold 36          SH  0     Dex 11      Spells:  1 memorised,  5 levels left

rFire  . . .     SeeInvis .       - Unarmed
rCold  . . .     Clarity  .     c - +0 robe
rNeg   + + .     rCorr    .     (no shield)
rPois  +         rRot     +     (no helmet)
rElec  +         Spirit   .     (no cloak)
SustAb .         Warding  +     (no gloves)
rMut   .         Stasis   .     (no boots)
Gourm  .                        p - amulet of warding
MR     .....                    (no ring)
                                i - cursed ring of loudness

@: not resistant to hostile enchantments, extremely unstealthy
A: negative energy resistance 1, electricity resistance, unbreathing,
petrification resistance, rot immunity, AC +3
a: no special abilities


You were on level 2 of the Dungeon.
You were hungry.

You visited 1 branch of the dungeon, and saw 2 of its levels.

You collected 36 gold pieces.

Inventory:

Missiles
 b - 12 arrows
Armour
 c - a +0 robe (worn)
 l - a +0 scale mail
Comestibles
 a - a bread ration
 h - a rotting chunk of rat flesh
 j - 2 rotting chunks of kobold flesh
 m - 2 rotting chunks of goblin flesh
 n - a rotting chunk of kobold flesh
 q - a meat ration
Scrolls
 k - a scroll of recharging {unknown}
Jewellery
 e - an uncursed ring of ice
 i - a cursed ring of loudness (left hand)
 p - an amulet of warding (around neck)
Potions
 g - a potion of might {unknown}
 o - a potion of lignification {unknown}
Books
 d - a book of Changes

   Spells                             Type                      Level
   *Beastly Appendage                 Transmutation                1
   Sticks to Snakes                   Transmutation                2
   Spider Form                        Transmutation/Poison         3
   Ice Form                           Ice/Transmutation            4
   Blade Hands                        Transmutation                5


   Skills:
 - Level 1.1 Fighting
 - Level 1.5 Dodging
 + Level 4.2 Unarmed Combat
 - Level 2.0 Spellcasting
 - Level 1.5 Transmutations


You had 5 spell levels left.
You knew the following spells:

 Your Spells              Type           Power        Failure   Level  Hunger
a - Beastly Appendage     Trmt           #.....       14%         1    ##.....


Dungeon Overview and Level Annotations

Branches:
Dungeon (2/15)

Altars:
Kikubaaqudgha


Innate Abilities, Weirdness & Mutations

You are resistant to torment.
You are immune to poison.
Your stone body is very resilient (AC +3).
You resist negative energy.
You are resistant to electric shocks.
You can survive without breathing.
You are immune to petrification.
You are immune to rotting.


Message History

The orc warrior hits you with a war axe!
Ouch! That really hurt!
The adder skeleton barely misses you.
You hit the orc warrior. Your headbutt misses the orc warrior.
The orc warrior is moderately wounded.
The adder skeleton completely misses you.
The orc warrior hits you with a war axe.
* * * LOW HITPOINT WARNING * * *
You hit the orc warrior but do no damage.
The orc warrior is moderately wounded.
The adder skeleton misses you.
You barely miss the orc warrior. Your headbutt misses the orc warrior.
The orc warrior is moderately wounded.
The orc warrior closely misses you.
The adder skeleton bites you but does no damage.
You hit the orc warrior but do no damage.
The orc warrior is moderately wounded.
Your horns disappear.
The orc warrior hits you with a war axe.
You die...

≈§§# ≈≈≈§§## #########
.≈≈≈≈≈≈## #........
..≈§≈≈≈§≈###########.#.###.#
.?≈≈≈≈§≈§≈#........# # #.#
..≈≈§§§§≈§#@.......# #.###.#
#..#≈≈≈≈§§§#Zo#.##..#
#.....#
..r$.o§oZ..'..#.##..#
####..#
...(.......'..#..#..# #..#
..#≈≈≈≈§§≈#..##.#..#.####).#
..§≈≈≈≈§≈≈#........#.......#
..≈≈§≈≈≈≈§#.......#######.##
.§§§≈≈≈§##......#######...#
§§§§§§##.....#............


You could see an orc warrior and an adder skeleton.

Vanquished Creatures
  A giant gecko (D:1)
  3 goblins (D:1)
  6 hobgoblins
  2 jackals (D:2)
  5 bats (D:1)
  2 giant newts
  5 kobolds (D:1)
  4 rats
28 creatures vanquished.

Notes
Turn   | Place    | Note
--------------------------------------------------------------
     0 | D:1      | Psiweapon, the Gargoyle Transmuter, began the quest for the Orb.
     0 | D:1      | Reached XP level 1. HP: 12/12 MP: 3/3
   134 | D:1      | Reached XP level 2. HP: 16/16 MP: 2/4
   659 | D:1      | Reached skill level 4 in Unarmed Combat
   717 | D:1      | Reached XP level 3. HP: 20/20 MP: 4/6
   887 | D:2      | Found an ancient bone altar of Kikubaaqudgha.
   956 | D:2      | Noticed an orc warrior
   972 | D:2      | Slain by an orc warrior

Action                   || total
-------------------------++-------
Melee: Unarmed           ||    79
 Cast: Beastly Appendage ||    15
  Use: Scroll            ||     2
